 Dungeon Crawl Stone Soup version 0.26-a0-708-g17f3b190f9 (webtiles) character file.

Game seed: 9583604143193827823

24260 robertstho the Severer (level 12, -1/117 HPs)
             Began as a Minotaur Berserker on Oct 28, 2020.
             Was a High Priest of Trog.
             Slain by an orc warrior
             ... wielding a +0 flail
              (13 damage)
             ... on level 2 of the Orcish Mines.
             The game lasted 00:20:07 (14300 turns).

robertstho the Severer (Minotaur Berserker)        Turns: 14300, Time: 00:20:08

Health: -1/117     AC: 29    Str: 24    XL:     12   Next: 79%
Magic:  3/3        EV:  8    Int:  5    God:    Trog [*****.]
Gold:   1666       SH:  0    Dex:  7    Spells: 11/11 levels left

rFire    + + .     SeeInvis .   U - +4 broad axe (antimagic)
rCold    x . .     Faith    .   (no shield)
rNeg     . . .     Spirit   .   u - +2 plate armour {rF+}
rPois    +         Reflect  .   (helmet restricted)
rElec    .         Harm     .   r - +0 cloak
rCorr    .         Rampage  .   I - +3 pair of gauntlets of War {Slay+5}
MR       +++..                  e - +1 pair of boots
Stlth    ..........             k - amulet of magic regeneration
HPRegen  1.29/turn              y - +4 ring of protection
MPRegen  0.33/turn              H - ring of Kuess {Fire rPois MR+ Dex-5}

@: about to teleport, berserk cooldown, regenerating, slowed, very slow
A: retaliatory headbutt, horns 2
a: Berserk, Trog's Hand, Brothers in Arms, Renounce Religion


You were on level 2 of the Orcish Mines.
You worshipped Trog.
Trog was extremely pleased with you.
You visited 2 branches of the dungeon, and saw 14 of its levels.
You also visited: Sewer.

You collected 1666 gold pieces.

Inventory:

Hand Weapons
 x - a +0 war axe
 B - a +1 triple sword of flaming
 U - a +4 antimagic broad axe (weapon)
Missiles
 F - 10 curare-tipped darts (quivered)
Armour
 e - a +1 pair of boots (worn)
 r - a +0 cloak (worn)
 u - a +2 plate armour of fire resistance (worn)
 I - the +3 pair of gauntlets of War (worn) {Slay+5}
   (You found it on level 7 of the Dungeon)

   It affects your accuracy and damage with ranged weapons and melee attacks
   (+5).
Jewellery
 k - an amulet of magic regeneration (around neck)
 y - a +4 ring of protection (left hand)
 z - an uncursed ring of positive energy
 H - the ring of Kuess (right hand) {Fire rPois MR+ Dex-5}
   (You found it on level 7 of the Dungeon)

   [ring of fire]

   It enhances your fire magic.
   It affects your dexterity (-5).
   It protects you from fire.
   It makes you vulnerable to cold.
   It protects you from poison.
   It affects your resistance to hostile enchantments.
 N - an uncursed ring of protection from cold {unknown}
 Q - an uncursed ring of poison resistance {unknown}
 R - a +4 ring of slaying {unknown}
 T - an uncursed amulet of reflection {unknown}
Wands
 a - a wand of iceblast (6)
 l - a wand of disintegration (7)
 A - a wand of random effects (21)
 D - a wand of flame (61)
 L - a wand of acid (1)
Scrolls
 c - 3 scrolls of teleportation
 d - 4 scrolls of fog
 p - a scroll of enchant weapon
 t - 3 scrolls of enchant armour
 w - a scroll of vulnerability {unknown}
 C - 3 scrolls of blinking
 E - a scroll of noise {unknown}
 K - 2 scrolls of fear {unknown}
 M - a scroll of brand weapon {unknown}
 O - a scroll of silence {unknown}
 P - a scroll of amnesia {unknown}
 S - a scroll of acquirement {unknown}
Potions
 f - a potion of cancellation {unknown}
 g - 5 potions of haste
 h - 2 potions of lignification {unknown}
 i - 4 potions of flight {unknown}
 j - 4 potions of brilliance {unknown}
 m - a potion of berserk rage {unknown}
 n - 9 potions of curing
 o - 2 potions of degeneration {unknown}
 q - 2 potions of mutation
 s - a potion of ambrosia
 v - a potion of stabbing
 G - a potion of invisibility
 J - a potion of might


   Skills:
 * Level 14.0 Fighting
 + Level 0.7 Long Blades
 * Level 17.8 Axes
 + Level 10.5 Armour
 + Level 3.6 Dodging
 + Level 0.9 Stealth
 + Level 0.4 Evocations


You had 11 spell levels left.
You didn't know any spells.
Your spell library was empty.

Dungeon Overview and Level Annotations

Branches:
Dungeon (12/15)            Temple (0/1) D:5            Lair (0/6) D:9
    Orc (2/2) D:10            Elf (0/3) Orc:2         Sewer (visited)

Altars:
Ashenzari
Gozag
Hepliaklqana
Nemelex Xobeh
Okawaru
Qazlal
Vehumet
Yredelemnul
The Shining One

Shops:
Orc:2 :


Innate Abilities, Weirdness & Mutations

You reflexively headbutt those who attack you in melee.
You have a pair of horns on your head.


Message History

An orc high priest comes into view. It is wielding a -2 mace.
The sentinel's mark upon you fades away.
The orc warrior hits you with a +0 halberd!
* * * LOW HITPOINT WARNING * * *
The orc high priest mumbles some strange prayers to Beogh.
The orc warrior hits you from afar with a +0 halberd!!
* * * LOW HITPOINT WARNING * * *
The orc warrior hits you but does no damage.
You feel much better.
The orc warrior no longer looks unusually strong. x2
The orc warrior hits you with a +0 war axe!!
* * * LOW HITPOINT WARNING * * *
The orc warrior closely misses you. You furiously retaliate!
You headbutt the orc warrior.
The orc high priest starts to sing a prayer.
The red devil hits you but does no damage.
The orc warrior hits you from afar with a +0 halberd!
* * * LOW HITPOINT WARNING * * *
The orc warrior hits you with a +0 flail!
You die...

##.............##.)...........
###...............#.)...........
.#.#.#.#.#.#.#.#.#.#)[.).).[.....
o.o)o.o..).o)......).))).))......
#)...o).oo3....^).o))4§o......
o.oo)...o.ooooooo.).....)........
.#.#.#o#.#.#.#4#o#4#....)........
###...........o.o.#...§†........
##.......o.oo@.##.............
###.........####..........)..
###.....### #.............
####### #.............
###....O...... #...>.#......
#.#.....#..... #..$....#....#.
##.#..^.....#..


You could see 2 orc knights, 3 orc high priests, a rust devil (summoned), a
smoke demon (summoned), a red devil (summoned), 10 orc warriors and 2 orc
priests.

Vanquished Creatures
  An ettin (Orc:2)
  Josephine (Orc:1)
  2 boulder beetles
  2 two-headed ogres
  A centaur warrior (D:11)
  An orc high priest (Orc:1)
  Sonja (D:11)
  An orc knight (Orc:2)
  2 ugly things
  3 orc sorcerers
  2 cyclopes
  A centaur zombie (D:10)
  A komodo dragon (D:9)
  4 trolls
  A slime creature (D:7)
  5 yaks
  2 shadows
  A vampire (D:7)
  5 wraiths
  3 vampire mosquitoes (D:12)
  A warg (Orc:1)
  2 water moccasins (D:9)
  A soldier ant (D:7)
  25 orc warriors
  3 ice beasts
  3 sky beasts
  8 ogres
  5 phantoms
  14 centaurs
  3 big kobolds
  14 bullfrogs
  2 water moccasin zombies
  A wyvern skeleton (D:9)
  A water moccasin skeleton (D:6)
  2 scorpions
  11 killer bees
  A howler monkey (D:4)
  9 wights
  11 hounds
  2 jellies
  A quasit (D:11)
  2 bullfrog skeletons
  A centaur skeleton (D:7)
  19 orc priests
  Crazy Yiuf (D:7)
  A gnoll shaman (D:5)
  15 orc wizards
  An iguana (D:7)
  11 worker ants
  A worker ant zombie (D:5)
  13 adders
  11 gnolls
  A river rat (Sewer)
  4 shadow imps
  A white imp (D:4)
  3 ufetubi
  2 oozes (D:3)
  3 adder skeletons
  A worm (D:2)
  4 dart slugs
  6 leopard geckos
  87 orcs
  7 bats
  4 giant cockroaches
  5 goblins
  6 hobgoblins
  13 jackals
  15 kobolds
  5 quokkas
  5 frilled lizards
  17 rats
425 creatures vanquished.

Vanquished Creatures (collateral kills)
  An orc high priest (Orc:2)
  3 orc knights (Orc:2)
  4 orc warriors
  An ogre (D:7)
  A bullfrog zombie (D:7)
  5 orc priests
  An orc (Orc:2)
16 creatures vanquished.

Vanquished Creatures (others)
  An orc (Orc:1)
  6 plants
7 creatures vanquished.

Grand Total: 448 creatures vanquished

Notes
Turn   | Place    | Note
-------+----------+-------------------------------------------
     0 | D:1      | robertstho the Minotaur Berserker began the quest for the
                  | Orb.
     0 | D:1      | Reached XP level 1. HP: 19/19 MP: 0/0
   156 | D:1      | Reached XP level 2. HP: 20/27 MP: 1/1
   393 | D:1      | Reached skill level 4 in Axes
   442 | D:1      | Reached ** piety under Trog
   447 | D:1      | Reached XP level 3. HP: 29/34 MP: 2/2
  1010 | D:2      | Reached skill level 5 in Axes
  1010 | D:2      | Reached XP level 4. HP: 31/41 MP: 3/3
  1562 | D:2      | Found a hazy altar of Hepliaklqana.
  2118 | D:3      | Found an opulent altar of Gozag.
  2139 | D:3      | Found a stormy altar of Qazlal.
  2835 | D:4      | Reached XP level 5. HP: 47/47 MP: 4/4
  2836 | D:4      | Reached skill level 6 in Axes
  2837 | D:4      | Reached *** piety under Trog
  3013 | D:4      | Reached skill level 5 in Fighting
  3013 | D:4      | Reached XP level 6. HP: 56/56 MP: 5/5
  3140 | D:4      | Found a glowing drain.
  3184 | Sewer    | Entered a sewer
  3454 | Sewer    | Reached skill level 7 in Axes
  3474 | Sewer    | Found a glowing silver altar of Zin.
  3920 | D:5      | Entered Level 5 of the Dungeon
  3950 | D:5      | Found a glowing golden altar of the Shining One.
  4118 | D:5      | Found a staircase to the Ecumenical Temple.
  4127 | D:5      | Reached XP level 7. HP: 60/61 MP: 6/6
  4324 | D:5      | Reached skill level 8 in Axes
  4861 | D:6      | Reached **** piety under Trog
  4879 | D:6      | Reached skill level 9 in Axes
  4891 | D:6      | Reached XP level 8. HP: 70/71 MP: 7/7
  4930 | D:6      | Reached skill level 5 in Armour
  5315 | D:6      | Reached skill level 10 in Axes
  5737 | D:6      | Reached skill level 11 in Axes
  6031 | D:6      | Reached XP level 9. HP: 77/79 MP: 8/8
  6296 | D:7      | Found an iron altar of Okawaru.
  6310 | D:7      | Reached ***** piety under Trog
  6494 | D:7      | Found a radiant altar of Vehumet.
  6706 | D:7      | Reached skill level 12 in Axes
  7069 | D:7      | Noticed a troll
  7070 | D:7      | Found the +3 pair of gauntlets of War {Slay+5}
  7082 | D:7      | Killed a troll
  7102 | D:7      | Reached skill level 13 in Axes
  7108 | D:7      | Got a sparkling wooden ring
  7138 | D:7      | Identified the ring of Kuess {Fire rPois MR+ Dex-5} (You
                  | found it on level 7 of the Dungeon)
  7149 | D:7      | Reached XP level 10. HP: 63/90 MP: 9/9
  7480 | D:7      | Found a runed translucent door.
  7481 | D:7      | Noticed Crazy Yiuf
  7487 | D:7      | Killed Crazy Yiuf
  8678 | D:9      | Found a sparkling altar of Nemelex Xobeh.
  8762 | D:9      | Reached skill level 14 in Axes
  9167 | D:9      | Found a glowing golden altar of the Shining One.
  9390 | D:9      | Found a staircase to the Lair.
  9521 | D:9      | Found a basalt altar of Yredelemnul.
  9638 | D:10     | Entered Level 10 of the Dungeon
  9665 | D:10     | Reached skill level 10 in Fighting
  9726 | D:10     | Noticed a two-headed ogre
  9733 | D:10     | Killed a two-headed ogre
  9733 | D:10     | Reached skill level 15 in Axes
  9831 | D:10     | Received a gift from Trog
 10125 | D:10     | Reached XP level 11. HP: 101/101 MP: 10/10
 10244 | D:10     | Found a staircase to the Orcish Mines.
 10516 | D:11     | Noticed a boulder beetle
 10528 | D:11     | Killed a boulder beetle
 10542 | D:11     | Noticed a white ugly thing
 10562 | D:11     | Killed a white ugly thing
 10766 | D:11     | Found a broken altar of Ashenzari.
 10805 | D:11     | Noticed a centaur warrior
 10825 | D:11     | Killed a centaur warrior
 11191 | D:11     | Noticed Sonja
 11211 | D:11     | Killed Sonja
 11211 | D:11     | Reached skill level 16 in Axes
 12410 | D:12     | Noticed a cyan ugly thing
 12417 | D:12     | Killed a cyan ugly thing
 12563 | D:12     | Noticed a two-headed ogre
 12571 | D:12     | Killed a two-headed ogre
 12571 | D:12     | Reached XP level 12. HP: 65/113 MP: 11/11
 12868 | D:12     | Noticed a boulder beetle
 12891 | D:12     | Killed a boulder beetle
 13183 | Orc:1    | Entered Level 1 of the Orcish Mines
 13271 | Orc:1    | Noticed an orc high priest
 13280 | Orc:1    | Noticed Josephine
 13284 | Orc:1    | Killed an orc high priest
 13284 | Orc:1    | Reached skill level 10 in Armour
 13297 | Orc:1    | Reached skill level 17 in Axes
 13302 | Orc:1    | Killed Josephine
 13634 | Orc:2    | Entered Level 2 of the Orcish Mines
 13641 | Orc:2    | Found Muifeos's Book Emporium.
 13994 | Orc:2    | Noticed an ettin
 13997 | Orc:2    | Found a staircase to the Elven Halls.
 14005 | Orc:2    | Killed an ettin
 14196 | Orc:2    | Noticed an orc high priest
 14204 | Orc:2    | Killed an orc high priest
 14214 | Orc:2    | Received a gift from Trog
 14270 | Orc:2    | Noticed an orc high priest
 14272 | Orc:2    | Noticed an orc high priest
 14299 | Orc:2    | Noticed an orc high priest
 14300 | Orc:2    | Slain by an orc warrior

Illustrated notes

Levels and vault maps discovered:
D:1:      dpeg_arrival_rooms_c, layout_basic
D:2:      layout_loops_corners, nicolae_overflow_crystal_walls,
          minmay_misc_feat_columns
D:3:      layout_basic, grunt_gozag_statues, grunt_qazlal_sundering
D:4:      layout_gridville, portal_sewer_entry_e, guppyfry_early_lair_pool
D:5:      layout_loops_ring, lemuel_doored_altar, minmay_temple_entry_waves
D:6:      layout_gridville
D:7:      minmay_the_grid_octo_tiled_octocenter [minmay_the_grid_octo_chip,
          minmay_the_grid_octo_empty, minmay_the_grid_octo_vomiting_pacman,
          minmay_the_grid_octo_clover, minmay_the_grid_octo_prize_single_spiral,
          minmay_the_grid_square_5x5_three_small,
          minmay_the_grid_square_5x5_pentomino_r,
          minmay_the_grid_square_5x5_inner_i,
          minmay_the_grid_square_5x5_longway], layout_rooms, okawaru_gym_becter,
          basic_altar, uniq_crazy_yiuf_cottage
D:8:      layout_basic
D:9:      layout_cave_pods, kennysheep_little_box, old_standard_altar,
          david_lair_shrubbed, basic_altar
D:10:     layout_basic, orc_0_dummy, minivault_25
D:11:     wad_woods_structure_01, layout_basic, basic_altar, uniq_sonja
D:12:     layout_long_grid
Orc:1:    layout_caves, uniq_josephine
Orc:2:    st_orc_pillars, layout_diamond_mine, serial_shops, shop_statue

Skill      XL: |  1  2  3  4  5  6  7  8  9 10 11 12 |
---------------+-------------------------------------+-----
Fighting       | 4 5 6 7 8 10 12 14 | 14.0
Axes           | 4 5 6 7 9 11 13 15 16 17 | 17.8
Armour         | 3 4 5 7 8 9 10 | 10.5
Dodging        | 3 |  3.6
Long Blades    | |  0.7
Stealth        | |  0.9
Evocations     | |  0.4

Action                   |  1- 3 |  4- 6 |  7- 9 | 10-12 || total
-------------------------+-------+-------+-------+-------++-------
Melee: Hand axe          |    77 |   115 |   335 |    13 ||   540
       Headbutt          |    13 |    24 |    72 |    99 ||   208
       War axe           |       |       |    35 |   495 ||   530
       Triple sword      |       |       |       |     4 ||     4
       Broad axe         |       |       |       |    22 ||    22
Invok: Berserk           |     2 |     1 |     2 |    11 ||    16
       Brothers in Arms  |       |       |     1 |     5 ||     6
       Trog's Hand       |       |       |     1 |     2 ||     3
Evoke: Wand              |       |       |       |     4 ||     4
  Use: Scroll            |       |     7 |     4 |     6 ||    17
       Potion            |       |       |     1 |     2 ||     3
 Stab: Distracted        |       |       |     1 |       ||     1
Armor: Animal skin       |    17 |       |       |       ||    17
       Scale mail        |     9 |    29 |       |       ||    38
       Chain mail        |       |    17 |       |       ||    17
       Plate armour      |       |    15 |   225 |   334 ||   574
Dodge: Dodged            |    61 |    55 |   119 |   169 ||   404
       Rpst.: Triple sword |       |       |       |     3 ||     3

Table legend: (Time is in decaauts)
 A = Elapsed time spent in this place.
 B = Non-inter-level travel time spent in this place.
 C = Inter-level travel time spent in this place.
 D = Time resting spent in this place.
 E = Time spent auto-exploring this place.
 F = Levels seen in this place.
 G = Mean time per level.
                   A        B        C        D        E       F      G
               +--------+--------+--------+--------+--------+-----+--------+
         Total |  14293 |  13709 |    584 |    206 |  11380 |  15 |  952.9 |
       Dungeon |  12829 |  12258 |    571 |      3 |  10449 |  12 | 1069.1 |
  Orcish Mines |   1104 |   1091 |     13 |      0 |    820 |   2 |  552.0 |
         Sewer |    358 |    358 |      0 |    203 |    111 |   1 |  358.0 |
               +--------+--------+--------+--------+--------+-----+--------+

Top non-repeatable levels by time:
    D:11: 1626 daAuts
     D:6: 1423 daAuts
     D:7: 1406 daAuts
    D:12: 1240 daAuts
     D:2: 1112 daAuts
     D:8: 1067 daAuts
     D:9: 1016 daAuts
     D:1: 1012 daAuts
     D:4: 824 daAuts
     D:5: 736 daAuts
     D:3: 683 daAuts
    D:10: 678 daAuts
   Orc:2: 647 daAuts
   Orc:1: 457 daAuts
   Sewer: 358 daAuts
